Workbook

Sheet December 2014
A1: Check Number | C1: Check Date | D1: Vendor Name | F1: Transaction Amount | S1: Description | T1: Account Name | U1: Department | V1: Division | W1: Object of Expenditure | X1: Project Number
A2: 410793 | C2: 41975 | D2: BOB TOMES FORD | F2: 552.33 | S2: BLANKET PURCHASE ORDER | T2: AUTO MAINTENANCE | U2: EQUIPMENT SERVICES | V2: EQUIP SERV-SHARED | W2: BLANKET PURCHASE ORDER
A4: 410960 | C4: 41982 | F4: 3680.72 | S4: AUTO/TRUCK MAINT. ITEMS | T4: AUTO MAINTENANCE | U4: EQUIPMENT SERVICES | V4: EQUIP SERV-SHARED | W4: AUTO/TRUCK MAINT. ITEMS
F6: 122.11 | S6: BLANKET PURCHASE ORDER | T6: AUTO MAINTENANCE | U6: EQUIPMENT SERVICES | V6: EQUIP SERV-SHARED | W6: BLANKET PURCHASE ORDER
A10: 411510 | C10: 41989 | F10: 1211.34 | S10: BLANKET PURCHASE ORDER | T10: AUTO MAINTENANCE | U10: EQUIPMENT SERVICES | V10: EQUIP SERV-SHARED | W10: BLANKET PURCHASE ORDER
F19: -600 | S19: INV# 5404180 | T19: AUTO MAINTENANCE | U19: EQUIPMENT SERVICES | V19: EQUIP SERV-SHARED | W19: INV# 5404180
A20: 411887 | C20: 42003 | F20: 354.16 | S20: BLANKET PURCHASE ORDER | T20: AUTO MAINTENANCE | U20: EQUIPMENT SERVICES | V20: EQUIP SERV-SHARED | W20: BLANKET PURCHASE ORDER
L29: =SUM(hList_Frame_1!B1:B26) -> 5320.66
A31: 410961 | C31: 41982 | D31: BOB BARKER CO | F31: 864 | S31: CLOTHING AND APPAREL | T31: DETENTION SUPPLIES | U31: SHERIFF'S OFFICE | V31: JAIL OPS-ADMIN | W31: CLOTHING AND APPAREL
A33: 411511 | C33: 41989 | F33: 7089.3 | S33: CLOTHING AND APPAREL | T33: DETENTION SUPPLIES | U33: SHERIFF'S OFFICE | V33: JAIL OPS-ADMIN | W33: CLOTHING AND APPAREL
A34: 411888 | C34: 42003 | F34: 8365.8 | S34: CLOTHING AND APPAREL | T34: DETENTION SUPPLIES | U34: SHERIFF'S OFFICE | V34: JAIL OPS-ADMIN | W34: CLOTHING AND APPAREL
J36: =SUM(hList_Frame_1!B27:B30) -> 16319.1
A38: 410962 | C38: 41982 | D38: C&W ELECTRIC SUPPLY CO | F38: 92.19 | S38: BUILDING MAINT. & REPAIR | T38: BUILDING MAINTENANCE | U38: FACILITIES & PARKS | V38: BUILD SUP-SHARED | W38: BUILDING MAINT. & REPAIR | X38: B21001
P40: =SUM(hList_Frame_1!B31:B31) -> 92.19
A42: 410963 | C42: 41982 | D42: DALLAS LITE & BARRICADE INC | F42: 3817.42 | S42: PO# 180238 | T42: PROPERTY DAMAGE CLAIMS | U42: HUMAN RESOURCES | V42: RISK MGMT - LIABILITY INS | W42: PO# 180238
A43: 411889 | C43: 42003 | F43: 37299.98 | S43: MARKER/SIGN/TRAFFIC ITEMS | T43: ROAD EQUIPMENT | U43: PUBLIC WORKS | V43: R&B - ADMIN | W43: MARKER/SIGN/TRAFFIC ITEMS | X43: R75004
K45: =SUM(hList_Frame_1!B32:B33) -> 41117.4
A47: 410964 | C47: 41982 | D47: ECOLAB INC | F47: 1039.8 | S47: BUTCHER/MEAT PROC. EQUIP. | T47: DETENTION SUPPLIES | U47: SHERIFF'S OFFICE | V47: JAIL OPS-ADMIN | W47: BUTCHER/MEAT PROC. EQUIP.
A48: 411512 | C48: 41989 | F48: 576 | S48: JANITORIAL SUPPLIES-GEN. | T48: DETENTION SUPPLIES | U48: SHERIFF'S OFFICE | V48: JAIL OPS-ADMIN | W48: JANITORIAL SUPPLIES-GEN.
A49: 411890 | C49: 42003 | F49: 2799.9 | S49: JANITORIAL SUPPLIES-GEN. | T49: DETENTION SUPPLIES | U49: SHERIFF'S OFFICE | V49: JAIL OPS-ADMIN | W49: JANITORIAL SUPPLIES-GEN.
L51: =SUM(hList_Frame_1!B34:B36) -> 4415.7
A53: 410965 | C53: 41982 | D53: GIBBS, GREGG M PC | F53: 1525 | S53: 199-30072-13 | T53: COURT APPOINTED ATTORNEY | U53: INDIGENT DEFENSE | V53: INDIGENT DEFENSE | W53: 199-30072-13 | X53: ID199A
A54: 411891 | C54: 42003 | F54: 7780 | S54: 199-30083-13 | T54: COURT APPOINTED ATTORNEY | U54: INDIGENT DEFENSE | V54: INDIGENT DEFENSE | W54: 199-30083-13 | X54: ID199A
T55: INVESTIGATION EXPENSE | U55: INDIGENT DEFENSE | V55: INDIGENT DEFENSE | X55: ID199A
T56: MEDIATOR COSTS | U56: DISTRICT COURTS | V56: DIST CT-SHARED | X56: 199MC
F57: 475 | S57: 199-30139-14 | T57: COURT APPOINTED ATTORNEY | U57: INDIGENT DEFENSE | V57: INDIGENT DEFENSE | W57: 199-30139-14 | X57: ID199A
L59: =SUM(hList_Frame_1!B37:B41) -> 9780
A61: 411513 | C61: 41989 | D61: HEIDENHEIMER, MARK | F61: 450 | S61: 004-87379-14 | T61: COURT APPOINTED ATTORNEY | U61: INDIGENT DEFENSE | V61: INDIGENT DEFENSE | W61: 004-87379-14 | X61: IDCL4N
F62: 450 | S62: 006-80339-13 | T62: COURT APPOINTED ATTORNEY | U62: INDIGENT DEFENSE | V62: INDIGENT DEFENSE | W62: 006-80339-13 | X62: IDCL6M
F63: 100 | S63: 006-87664-14 | T63: COURT APPOINTED ATTORNEY | U63: INDIGENT DEFENSE | V63: INDIGENT DEFENSE | W63: 006-87664-14 | X63: IDCL6M
F64: 450 | S64: 006-87942-14 | T64: COURT APPOINTED ATTORNEY | U64: INDIGENT DEFENSE | V64: INDIGENT DEFENSE | W64: 006-87942-14 | X64: IDCL6M
L66: =SUM(hList_Frame_1!B42:B45) -> 1450
A68: 410966 | C68: 41982 | D68: POLLOCK PAPER DISTRIBUTORS | F68: 6396 | S68: PAPER/PLASTIC, DISPOSABLE | T68: JANITORIAL SUPPLIES | U68: SHERIFF'S OFFICE | V68: JAIL OPS-ADMIN | W68: PAPER/PLASTIC, DISPOSABLE
A70: 411892 | C70: 42003 | F70: 509.32 | S70: JANITORIAL SUPPLIES-GEN. | T70: JANITORIAL SUPPLIES | U70: SHERIFF'S OFFICE | V70: JAIL OPS-ADMIN | W70: JANITORIAL SUPPLIES-GEN.
F71: 6391.68 | S71: PAPER/PLASTIC, DISPOSABLE | T71: JANITORIAL SUPPLIES | U71: SHERIFF'S OFFICE | V71: JAIL OPS-ADMIN | W71: PAPER/PLASTIC, DISPOSABLE
J74: =SUM(hList_Frame_1!B46:B50) -> 13297
A76: 410967 | C76: 41982 | D76: THOMASON TIRE INC | F76: 808.95 | S76: BLANKET PURCHASE ORDER | T76: AUTO MAINTENANCE | U76: EQUIPMENT SERVICES | V76: EQUIP SERV-SHARED | W76: BLANKET PURCHASE ORDER
A82: 410968 | C82: 41982 | F82: 190 | S82: BLANKET PURCHASE ORDER | T82: AUTO MAINTENANCE | U82: EQUIPMENT SERVICES | V82: EQUIP SERV-SHARED | W82: BLANKET PURCHASE ORDER
A83: 411893 | C83: 42003 | F83: 412.2 | S83: TIRES AND TUBES | T83: RESTORATION | U83: MYERS PARK | V83: FARM MUS-ADMIN | W83: TIRES AND TUBES
M85: =SUM(hList_Frame_1!B51:B58) -> 1411.15
A87: 411514 | C87: 41989 | D87: TEXOMA FIRE EQUIPMENT INC | F87: 4185 | S87: EQUIP MAINT-GENERAL EQUIP | T87: FIRE EXTINGUISHER MAINT | U87: UNALLOCATED | V87: NON-DEPARTMENTAL | W87: EQUIP MAINT-GENERAL EQUIP
L89: =SUM(hList_Frame_1!B59:B59) -> 4185
A91: 410969 | C91: 41982 | D91: WEST PUBLISHING CORPORATION | F91: 41 | S91: PUBLICATIONS/AUDIOVISUALS | T91: DUES & SUBSCRIPTIONS | U91: UNALLOCATED | V91: NON-DEPARTMENTAL | W91: PUBLICATIONS/AUDIOVISUALS
A92: 411515 | C92: 41989 | F92: 16495.74 | S92: MISC PROFESSIONAL SERVICE | T92: COMMUNICATION LINE LEASE | U92: BUDGET | V92: LAW LIBRARY-ADMIN | W92: MISC PROFESSIONAL SERVICE
T93: LIBRARY BOOKS | U93: DISTRICT ATTORNEY | V93: DA-ADMIN
T95: LIBRARY UPDATES | U95: BUDGET | V95: LAW LIBRARY-ADMIN
A96: 411894 | C96: 42003 | F96: 82 | S96: PUBLICATIONS/AUDIOVISUALS | T96: DUES & SUBSCRIPTIONS | U96: UNALLOCATED | V96: NON-DEPARTMENTAL | W96: PUBLICATIONS/AUDIOVISUALS
J99: =SUM(hList_Frame_1!B60:B66) -> 16618.74
A101: 411516 | C101: 41989 | D101: PLANO POWER EQUIPMENT | F101: 88.76 | S101: FUEL/OIL/GREASE/LUBRICANT | T101: PARTS | W101: FUEL/OIL/GREASE/LUBRICANT
F102: 110 | S102: LAWN & GROUNDS EQUIPMENT | T102: PARTS | W102: LAWN & GROUNDS EQUIPMENT
N104: =SUM(hList_Frame_1!B67:B68) -> 198.76
A106: 410794 | C106: 41975 | D106: AMERICAN PUBLIC WORKS ASSN | F106: 199 | S106: MISCELLANEOUS SERVICES | T106: DUES & SUBSCRIPTIONS | U106: PUBLIC WORKS | V106: R&B - ADMIN | W106: MISCELLANEOUS SERVICES
N108: =SUM(hList_Frame_1!B69:B69) -> 199
A110: 411895 | C110: 42003 | D110: GEBO CREDIT CORPORATION | F110: 13.43 | S110: BLANKET PURCHASE ORDER | T110: ANIMAL CARE | U110: ANIMAL SHELTER | V110: ANIMAL SHELTER-ADMIN | W110: BLANKET PURCHASE ORDER
T111: AUTO MAINTENANCE | U111: EQUIPMENT SERVICES | V111: EQUIP SERV-SHARED
P113: =SUM(hList_Frame_1!B70:B71) -> 13.43
A115: 410795 | C115: 41975 | D115: BEN E KEITH CO | F115: 1593.8 | S115: EDIBLE FOODS, STAPLE | T115: JAIL FOOD | W115: EDIBLE FOODS, STAPLE
F117: 3080 | S117: FOODS, PERISHABLE | T117: JAIL FOOD | W117: FOODS, PERISHABLE
F119: 107.34 | S119: PAPER/PLASTIC, DISPOSABLE | T119: JAIL FOOD | W119: PAPER/PLASTIC, DISPOSABLE
A120: 410970 | C120: 41982 | F120: 4501.1 | S120: EDIBLE FOODS, STAPLE | T120: FOOD SUPPLIES | U120: SHERIFF'S OFFICE | V120: JAIL OPS-ADMIN | W120: EDIBLE FOODS, STAPLE
V121: MINIMUM SECURITY
T122: JAIL FOOD
T123: MINIMUM SECURITY FOOD
F125: 2984.69 | S125: FOODS, PERISHABLE | T125: JAIL FOOD | W125: FOODS, PERISHABLE
T126: MINIMUM SECURITY FOOD
F128: 76.68 | S128: PAPER/PLASTIC, DISPOSABLE | T128: JAIL FOOD | W128: PAPER/PLASTIC, DISPOSABLE
T129: MINIMUM SECURITY FOOD
A130: 411517 | C130: 41989 | F130: 28.14 | S130: CAFETERIA/KITCHEN EQUIP. | T130: JAIL FOOD | W130: CAFETERIA/KITCHEN EQUIP.
F131: 2043.39 | S131: EDIBLE FOODS, STAPLE | T131: FOOD SUPPLIES | U131: JUVENILE PROBATION | V131: JUV DET -ADMIN | W131: EDIBLE FOODS, STAPLE
T132: JAIL FOOD
F133: 1812.86 | S133: FOODS, PERISHABLE | T133: JAIL FOOD | W133: FOODS, PERISHABLE
A134: 411896 | C134: 42003 | F134: 4153.58 | S134: EDIBLE FOODS, STAPLE | T134: JAIL FOOD | W134: EDIBLE FOODS, STAPLE
T136: MINIMUM SECURITY FOOD
F138: 5278.85 | S138: FOODS, PERISHABLE | T138: JAIL FOOD | W138: FOODS, PERISHABLE
T140: MINIMUM SECURITY FOOD
F142: 38.34 | S142: PAPER/PLASTIC, DISPOSABLE | T142: MINIMUM SECURITY FOOD | W142: PAPER/PLASTIC, DISPOSABLE
J145: =SUM(hList_Frame_1!B72:B100) -> 25698.77
A147: 410971 | C147: 41982 | D147: TX DEPT OF PUBLIC SAFETY | F147: 1 | S147: MISC PROFESSIONAL SERVICE | T147: DUES & SUBSCRIPTIONS | U147: FIRE MARSHAL | V147: FIRE MARSHAL-ADMIN | W147: MISC PROFESSIONAL SERVICE
A148: 411897 | C148: 42003 | F148: 2 | S148: MISC PROFESSIONAL SERVICE | T148: DUES & SUBSCRIPTIONS | U148: FIRE MARSHAL | V148: FIRE MARSHAL-ADMIN | W148: MISC PROFESSIONAL SERVICE
R150: =SUM(hList_Frame_1!B101:B102) -> 3
A152: 411898 | C152: 42003 | D152: ROMCO EQUIPMENT CO | F152: 1027.76 | S152: BLANKET PURCHASE ORDER | T152: HEAVY EQUIPMENT REPAIR | U152: EQUIPMENT SERVICES | V152: EQUIP SERV-SHARED | W152: BLANKET PURCHASE ORDER
F154: 2616.76 | S154: EQUIP MAINT-AGRI/AUTO/IND | T154: HEAVY EQUIPMENT REPAIR | U154: EQUIPMENT SERVICES | V154: EQUIP SERV-SHARED | W154: EQUIP MAINT-AGRI/AUTO/IND
F155: -404.81 | S155: INV# 10152042 | T155: HEAVY EQUIPMENT REPAIR | U155: EQUIPMENT SERVICES | V155: EQUIP SERV-SHARED | W155: INV# 10152042
L157: =SUM(hList_Frame_1!B103:B106) -> 3239.71
A159: 411518 | C159: 41989 | D159: FORESTRY SUPPLIERS INC | F159: 603.01 | S159: HARDWARE: SHELF & ALLIED | T159: SMALL TOOLS | U159: PUBLIC WORKS | V159: R&B - ADMIN | W159: HARDWARE: SHELF & ALLIED
N161: =SUM(hList_Frame_1!B107:B107) -> 603.01
A163: 410796 | C163: 41975 | D163: TX LAWYER | F163: 419.88 | S163: PUBLICATIONS/AUDIOVISUALS | T163: LIBRARY UPDATES | U163: BUDGET | V163: LAW LIBRARY-ADMIN | W163: PUBLICATIONS/AUDIOVISUALS
N165: =SUM(hList_Frame_1!B108:B108) -> 419.88
A167: 410797 | C167: 41975 | D167: ALFORD INSURANCE AGENCY | F167: 142 | S167: MISCELLANEOUS SERVICES | T167: NOTARY BONDS | U167: UNALLOCATED | V167: NON-DEPARTMENTAL | W167: MISCELLANEOUS SERVICES
A169: 410972 | C169: 41982 | F169: 27.34 | S169: MISC PROFESSIONAL SERVICE | T169: SPECIAL DELIVERY SERVICE | U169: BUDGET | V169: SUPPORT SERVICES - SHARED | W169: MISC PROFESSIONAL SERVICE
A170: 411519 | C170: 41989 | F170: 71 | S170: MISCELLANEOUS SERVICES | T170: NOTARY BONDS | U170: UNALLOCATED | V170: NON-DEPARTMENTAL | W170: MISCELLANEOUS SERVICES
N172: =SUM(hList_Frame_1!B109:B112) -> 240.34
A174: 410949 | C174: 41981 | D174: POSTMASTER MCKINNEY | F174: 905 | S174: OFFICE MACHINES | T174: POSTAGE | U174: BUDGET | V174: SUPPORT SERVICES - SHARED | W174: OFFICE MACHINES
A176: 410950 | C176: 41981 | F176: 1240 | S176: REAL PROPERTY RENTAL/LEAS | T176: POSTAGE | U176: BUDGET | V176: SUPPORT SERVICES - SHARED | W176: REAL PROPERTY RENTAL/LEAS
A177: 410951 | C177: 41981 | F177: 220 | S177: REAL PROPERTY RENTAL/LEAS | T177: POSTAGE | U177: BUDGET | V177: SUPPORT SERVICES - SHARED | W177: REAL PROPERTY RENTAL/LEAS
A178: 410952 | C178: 41981 | F178: 220 | S178: REAL PROPERTY RENTAL/LEAS | T178: POSTAGE | U178: BUDGET | V178: SUPPORT SERVICES - SHARED | W178: REAL PROPERTY RENTAL/LEAS
A179: 411875 | C179: 42002 | F179: 10000 | S179: OFFICE MACHINES | T179: POSTAGE | U179: BUDGET | V179: SUPPORT SERVICES - SHARED | W179: OFFICE MACHINES
J181: =SUM(hList_Frame_1!B113:B118) -> 12585
A183: 410973 | C183: 41982 | D183: WHITE, JAMES | F183: 425 | S183: MISCELLANEOUS SERVICES | T183: CONTRACT LABOR | U183: CULTURE & RECREATION | V183: OPEN SPACE-ADMIN | W183: MISCELLANEOUS SERVICES
N185: =SUM(hList_Frame_1!B119:B119) -> 425
...

Sheet hList_Frame_1
A1: =IF(ISBLANK('December 2014'!A2),"",IF(ISTEXT('December 2014'!A2),0,'December 2014'!A2)) -> 410793 | B1: =IF(ISBLANK('December 2014'!F2),"",IF(ISTEXT('December 2014'!F2),0,'December 2014'!F2)) -> 552.33
A2: =IF(ISBLANK('December 2014'!A3),"",IF(ISTEXT('December 2014'!A3),0,'December 2014'!A3)) | B2: =IF(ISBLANK('December 2014'!F3),"",IF(ISTEXT('December 2014'!F3),0,'December 2014'!F3))
A3: =IF(ISBLANK('December 2014'!A4),"",IF(ISTEXT('December 2014'!A4),0,'December 2014'!A4)) -> 410960 | B3: =IF(ISBLANK('December 2014'!F4),"",IF(ISTEXT('December 2014'!F4),0,'December 2014'!F4)) -> 3680.72
A4: =IF(ISBLANK('December 2014'!A5),"",IF(ISTEXT('December 2014'!A5),0,'December 2014'!A5)) | B4: =IF(ISBLANK('December 2014'!F5),"",IF(ISTEXT('December 2014'!F5),0,'December 2014'!F5))
A5: =IF(ISBLANK('December 2014'!A6),"",IF(ISTEXT('December 2014'!A6),0,'December 2014'!A6)) | B5: =IF(ISBLANK('December 2014'!F6),"",IF(ISTEXT('December 2014'!F6),0,'December 2014'!F6)) -> 122.11
A6: =IF(ISBLANK('December 2014'!A7),"",IF(ISTEXT('December 2014'!A7),0,'December 2014'!A7)) | B6: =IF(ISBLANK('December 2014'!F7),"",IF(ISTEXT('December 2014'!F7),0,'December 2014'!F7))
A7: =IF(ISBLANK('December 2014'!A8),"",IF(ISTEXT('December 2014'!A8),0,'December 2014'!A8)) | B7: =IF(ISBLANK('December 2014'!F8),"",IF(ISTEXT('December 2014'!F8),0,'December 2014'!F8))
A8: =IF(ISBLANK('December 2014'!A9),"",IF(ISTEXT('December 2014'!A9),0,'December 2014'!A9)) | B8: =IF(ISBLANK('December 2014'!F9),"",IF(ISTEXT('December 2014'!F9),0,'December 2014'!F9))
A9: =IF(ISBLANK('December 2014'!A10),"",IF(ISTEXT('December 2014'!A10),0,'December 2014'!A10)) -> 411510 | B9: =IF(ISBLANK('December 2014'!F10),"",IF(ISTEXT('December 2014'!F10),0,'December 2014'!F10)) -> 1211.34
A10: =IF(ISBLANK('December 2014'!A11),"",IF(ISTEXT('December 2014'!A11),0,'December 2014'!A11)) | B10: =IF(ISBLANK('December 2014'!F11),"",IF(ISTEXT('December 2014'!F11),0,'December 2014'!F11))
A11: =IF(ISBLANK('December 2014'!A12),"",IF(ISTEXT('December 2014'!A12),0,'December 2014'!A12)) | B11: =IF(ISBLANK('December 2014'!F12),"",IF(ISTEXT('December 2014'!F12),0,'December 2014'!F12))
A12: =IF(ISBLANK('December 2014'!A13),"",IF(ISTEXT('December 2014'!A13),0,'December 2014'!A13)) | B12: =IF(ISBLANK('December 2014'!F13),"",IF(ISTEXT('December 2014'!F13),0,'December 2014'!F13))
... A26: =IF(ISBLANK('December 2014'!A27),"",IF(ISTEXT('December 2014'!A27),0,'December 2014'!A27)) | B26: =IF(ISBLANK('December 2014'!F27),"",IF(ISTEXT('December 2014'!F27),0,'December 2014'!F27))
A27: =IF(ISBLANK('December 2014'!A31),"",IF(ISTEXT('December 2014'!A31),0,'December 2014'!A31)) -> 410961 | B27: =IF(ISBLANK('December 2014'!F31),"",IF(ISTEXT('December 2014'!F31),0,'December 2014'!F31)) -> 864
A28: =IF(ISBLANK('December 2014'!A32),"",IF(ISTEXT('December 2014'!A32),0,'December 2014'!A32)) | B28: =IF(ISBLANK('December 2014'!F32),"",IF(ISTEXT('December 2014'!F32),0,'December 2014'!F32))
A29: =IF(ISBLANK('December 2014'!A33),"",IF(ISTEXT('December 2014'!A33),0,'December 2014'!A33)) -> 411511 | B29: =IF(ISBLANK('December 2014'!F33),"",IF(ISTEXT('December 2014'!F33),0,'December 2014'!F33)) -> 7089.3
A30: =IF(ISBLANK('December 2014'!A34),"",IF(ISTEXT('December 2014'!A34),0,'December 2014'!A34)) -> 411888 | B30: =IF(ISBLANK('December 2014'!F34),"",IF(ISTEXT('December 2014'!F34),0,'December 2014'!F34)) -> 8365.8
A31: =IF(ISBLANK('December 2014'!A38),"",IF(ISTEXT('December 2014'!A38),0,'December 2014'!A38)) -> 410962 | B31: =IF(ISBLANK('December 2014'!F38),"",IF(ISTEXT('December 2014'!F38),0,'December 2014'!F38)) -> 92.19
A32: =IF(ISBLANK('December 2014'!A42),"",IF(ISTEXT('December 2014'!A42),0,'December 2014'!A42)) -> 410963 | B32: =IF(ISBLANK('December 2014'!F42),"",IF(ISTEXT('December 2014'!F42),0,'December 2014'!F42)) -> 3817.42
A33: =IF(ISBLANK('December 2014'!A43),"",IF(ISTEXT('December 2014'!A43),0,'December 2014'!A43)) -> 411889 | B33: =IF(ISBLANK('December 2014'!F43),"",IF(ISTEXT('December 2014'!F43),0,'December 2014'!F43)) -> 37299.98
A34: =IF(ISBLANK('December 2014'!A47),"",IF(ISTEXT('December 2014'!A47),0,'December 2014'!A47)) -> 410964 | B34: =IF(ISBLANK('December 2014'!F47),"",IF(ISTEXT('December 2014'!F47),0,'December 2014'!F47)) -> 1039.8
A35: =IF(ISBLANK('December 2014'!A48),"",IF(ISTEXT('December 2014'!A48),0,'December 2014'!A48)) -> 411512 | B35: =IF(ISBLANK('December 2014'!F48),"",IF(ISTEXT('December 2014'!F48),0,'December 2014'!F48)) -> 576
A36: =IF(ISBLANK('December 2014'!A49),"",IF(ISTEXT('December 2014'!A49),0,'December 2014'!A49)) -> 411890 | B36: =IF(ISBLANK('December 2014'!F49),"",IF(ISTEXT('December 2014'!F49),0,'December 2014'!F49)) -> 2799.9
A37: =IF(ISBLANK('December 2014'!A53),"",IF(ISTEXT('December 2014'!A53),0,'December 2014'!A53)) -> 410965 | B37: =IF(ISBLANK('December 2014'!F53),"",IF(ISTEXT('December 2014'!F53),0,'December 2014'!F53)) -> 1525
A38: =IF(ISBLANK('December 2014'!A54),"",IF(ISTEXT('December 2014'!A54),0,'December 2014'!A54)) -> 411891 | B38: =IF(ISBLANK('December 2014'!F54),"",IF(ISTEXT('December 2014'!F54),0,'December 2014'!F54)) -> 7780
A39: =IF(ISBLANK('December 2014'!A55),"",IF(ISTEXT('December 2014'!A55),0,'December 2014'!A55)) | B39: =IF(ISBLANK('December 2014'!F55),"",IF(ISTEXT('December 2014'!F55),0,'December 2014'!F55))
A40: =IF(ISBLANK('December 2014'!A56),"",IF(ISTEXT('December 2014'!A56),0,'December 2014'!A56)) | B40: =IF(ISBLANK('December 2014'!F56),"",IF(ISTEXT('December 2014'!F56),0,'December 2014'!F56))
A41: =IF(ISBLANK('December 2014'!A57),"",IF(ISTEXT('December 2014'!A57),0,'December 2014'!A57)) | B41: =IF(ISBLANK('December 2014'!F57),"",IF(ISTEXT('December 2014'!F57),0,'December 2014'!F57)) -> 475
A42: =IF(ISBLANK('December 2014'!A61),"",IF(ISTEXT('December 2014'!A61),0,'December 2014'!A61)) -> 411513 | B42: =IF(ISBLANK('December 2014'!F61),"",IF(ISTEXT('December 2014'!F61),0,'December 2014'!F61)) -> 450
A43: =IF(ISBLANK('December 2014'!A62),"",IF(ISTEXT('December 2014'!A62),0,'December 2014'!A62)) | B43: =IF(ISBLANK('December 2014'!F62),"",IF(ISTEXT('December 2014'!F62),0,'December 2014'!F62)) -> 450
A44: =IF(ISBLANK('December 2014'!A63),"",IF(ISTEXT('December 2014'!A63),0,'December 2014'!A63)) | B44: =IF(ISBLANK('December 2014'!F63),"",IF(ISTEXT('December 2014'!F63),0,'December 2014'!F63)) -> 100
A45: =IF(ISBLANK('December 2014'!A64),"",IF(ISTEXT('December 2014'!A64),0,'December 2014'!A64)) | B45: =IF(ISBLANK('December 2014'!F64),"",IF(ISTEXT('December 2014'!F64),0,'December 2014'!F64)) -> 450
A46: =IF(ISBLANK('December 2014'!A68),"",IF(ISTEXT('December 2014'!A68),0,'December 2014'!A68)) -> 410966 | B46: =IF(ISBLANK('December 2014'!F68),"",IF(ISTEXT('December 2014'!F68),0,'December 2014'!F68)) -> 6396
A47: =IF(ISBLANK('December 2014'!A69),"",IF(ISTEXT('December 2014'!A69),0,'December 2014'!A69)) | B47: =IF(ISBLANK('December 2014'!F69),"",IF(ISTEXT('December 2014'!F69),0,'December 2014'!F69))
A48: =IF(ISBLANK('December 2014'!A70),"",IF(ISTEXT('December 2014'!A70),0,'December 2014'!A70)) -> 411892 | B48: =IF(ISBLANK('December 2014'!F70),"",IF(ISTEXT('December 2014'!F70),0,'December 2014'!F70)) -> 509.32
A49: =IF(ISBLANK('December 2014'!A71),"",IF(ISTEXT('December 2014'!A71),0,'December 2014'!A71)) | B49: =IF(ISBLANK('December 2014'!F71),"",IF(ISTEXT('December 2014'!F71),0,'December 2014'!F71)) -> 6391.68
A50: =IF(ISBLANK('December 2014'!A72),"",IF(ISTEXT('December 2014'!A72),0,'December 2014'!A72)) | B50: =IF(ISBLANK('December 2014'!F72),"",IF(ISTEXT('December 2014'!F72),0,'December 2014'!F72))
A51: =IF(ISBLANK('December 2014'!A76),"",IF(ISTEXT('December 2014'!A76),0,'December 2014'!A76)) -> 410967 | B51: =IF(ISBLANK('December 2014'!F76),"",IF(ISTEXT('December 2014'!F76),0,'December 2014'!F76)) -> 808.95
A52: =IF(ISBLANK('December 2014'!A77),"",IF(ISTEXT('December 2014'!A77),0,'December 2014'!A77)) | B52: =IF(ISBLANK('December 2014'!F77),"",IF(ISTEXT('December 2014'!F77),0,'December 2014'!F77))
A53: =IF(ISBLANK('December 2014'!A78),"",IF(ISTEXT('December 2014'!A78),0,'December 2014'!A78)) | B53: =IF(ISBLANK('December 2014'!F78),"",IF(ISTEXT('December 2014'!F78),0,'December 2014'!F78))
A54: =IF(ISBLANK('December 2014'!A79),"",IF(ISTEXT('December 2014'!A79),0,'December 2014'!A79)) | B54: =IF(ISBLANK('December 2014'!F79),"",IF(ISTEXT('December 2014'!F79),0,'December 2014'!F79))
A55: =IF(ISBLANK('December 2014'!A80),"",IF(ISTEXT('December 2014'!A80),0,'December 2014'!A80)) | B55: =IF(ISBLANK('December 2014'!F80),"",IF(ISTEXT('December 2014'!F80),0,'December 2014'!F80))
A56: =IF(ISBLANK('December 2014'!A81),"",IF(ISTEXT('December 2014'!A81),0,'December 2014'!A81)) | B56: =IF(ISBLANK('December 2014'!F81),"",IF(ISTEXT('December 2014'!F81),0,'December 2014'!F81))
A57: =IF(ISBLANK('December 2014'!A82),"",IF(ISTEXT('December 2014'!A82),0,'December 2014'!A82)) -> 410968 | B57: =IF(ISBLANK('December 2014'!F82),"",IF(ISTEXT('December 2014'!F82),0,'December 2014'!F82)) -> 190
A58: =IF(ISBLANK('December 2014'!A83),"",IF(ISTEXT('December 2014'!A83),0,'December 2014'!A83)) -> 411893 | B58: =IF(ISBLANK('December 2014'!F83),"",IF(ISTEXT('December 2014'!F83),0,'December 2014'!F83)) -> 412.2
A59: =IF(ISBLANK('December 2014'!A87),"",IF(ISTEXT('December 2014'!A87),0,'December 2014'!A87)) -> 411514 | B59: =IF(ISBLANK('December 2014'!F87),"",IF(ISTEXT('December 2014'!F87),0,'December 2014'!F87)) -> 4185
A60: =IF(ISBLANK('December 2014'!A91),"",IF(ISTEXT('December 2014'!A91),0,'December 2014'!A91)) -> 410969 | B60: =IF(ISBLANK('December 2014'!F91),"",IF(ISTEXT('December 2014'!F91),0,'December 2014'!F91)) -> 41
A61: =IF(ISBLANK('December 2014'!A92),"",IF(ISTEXT('December 2014'!A92),0,'December 2014'!A92)) -> 411515 | B61: =IF(ISBLANK('December 2014'!F92),"",IF(ISTEXT('December 2014'!F92),0,'December 2014'!F92)) -> 16495.74
A62: =IF(ISBLANK('December 2014'!A93),"",IF(ISTEXT('December 2014'!A93),0,'December 2014'!A93)) | B62: =IF(ISBLANK('December 2014'!F93),"",IF(ISTEXT('December 2014'!F93),0,'December 2014'!F93))
A63: =IF(ISBLANK('December 2014'!A94),"",IF(ISTEXT('December 2014'!A94),0,'December 2014'!A94)) | B63: =IF(ISBLANK('December 2014'!F94),"",IF(ISTEXT('December 2014'!F94),0,'December 2014'!F94))
A64: =IF(ISBLANK('December 2014'!A95),"",IF(ISTEXT('December 2014'!A95),0,'December 2014'!A95)) | B64: =IF(ISBLANK('December 2014'!F95),"",IF(ISTEXT('December 2014'!F95),0,'December 2014'!F95))
A65: =IF(ISBLANK('December 2014'!A96),"",IF(ISTEXT('December 2014'!A96),0,'December 2014'!A96)) -> 411894 | B65: =IF(ISBLANK('December 2014'!F96),"",IF(ISTEXT('December 2014'!F96),0,'December 2014'!F96)) -> 82
A66: =IF(ISBLANK('December 2014'!A97),"",IF(ISTEXT('December 2014'!A97),0,'December 2014'!A97)) | B66: =IF(ISBLANK('December 2014'!F97),"",IF(ISTEXT('December 2014'!F97),0,'December 2014'!F97))
A67: =IF(ISBLANK('December 2014'!A101),"",IF(ISTEXT('December 2014'!A101),0,'December 2014'!A101)) -> 411516 | B67: =IF(ISBLANK('December 2014'!F101),"",IF(ISTEXT('December 2014'!F101),0,'December 2014'!F101)) -> 88.76
A68: =IF(ISBLANK('December 2014'!A102),"",IF(ISTEXT('December 2014'!A102),0,'December 2014'!A102)) | B68: =IF(ISBLANK('December 2014'!F102),"",IF(ISTEXT('December 2014'!F102),0,'December 2014'!F102)) -> 110
A69: =IF(ISBLANK('December 2014'!A106),"",IF(ISTEXT('December 2014'!A106),0,'December 2014'!A106)) -> 410794 | B69: =IF(ISBLANK('December 2014'!F106),"",IF(ISTEXT('December 2014'!F106),0,'December 2014'!F106)) -> 199
A70: =IF(ISBLANK('December 2014'!A110),"",IF(ISTEXT('December 2014'!A110),0,'December 2014'!A110)) -> 411895 | B70: =IF(ISBLANK('December 2014'!F110),"",IF(ISTEXT('December 2014'!F110),0,'December 2014'!F110)) -> 13.43
A71: =IF(ISBLANK('December 2014'!A111),"",IF(ISTEXT('December 2014'!A111),0,'December 2014'!A111)) | B71: =IF(ISBLANK('December 2014'!F111),"",IF(ISTEXT('December 2014'!F111),0,'December 2014'!F111))
A72: =IF(ISBLANK('December 2014'!A115),"",IF(ISTEXT('December 2014'!A115),0,'December 2014'!A115)) -> 410795 | B72: =IF(ISBLANK('December 2014'!F115),"",IF(ISTEXT('December 2014'!F115),0,'December 2014'!F115)) -> 1593.8
A73: =IF(ISBLANK('December 2014'!A116),"",IF(ISTEXT('December 2014'!A116),0,'December 2014'!A116)) | B73: =IF(ISBLANK('December 2014'!F116),"",IF(ISTEXT('December 2014'!F116),0,'December 2014'!F116))
A74: =IF(ISBLANK('December 2014'!A117),"",IF(ISTEXT('December 2014'!A117),0,'December 2014'!A117)) | B74: =IF(ISBLANK('December 2014'!F117),"",IF(ISTEXT('December 2014'!F117),0,'December 2014'!F117)) -> 3080
A75: =IF(ISBLANK('December 2014'!A118),"",IF(ISTEXT('December 2014'!A118),0,'December 2014'!A118)) | B75: =IF(ISBLANK('December 2014'!F118),"",IF(ISTEXT('December 2014'!F118),0,'December 2014'!F118))
A76: =IF(ISBLANK('December 2014'!A119),"",IF(ISTEXT('December 2014'!A119),0,'December 2014'!A119)) | B76: =IF(ISBLANK('December 2014'!F119),"",IF(ISTEXT('December 2014'!F119),0,'December 2014'!F119)) -> 107.34
A77: =IF(ISBLANK('December 2014'!A120),"",IF(ISTEXT('December 2014'!A120),0,'December 2014'!A120)) -> 410970 | B77: =IF(ISBLANK('December 2014'!F120),"",IF(ISTEXT('December 2014'!F120),0,'December 2014'!F120)) -> 4501.1
A78: =IF(ISBLANK('December 2014'!A121),"",IF(ISTEXT('December 2014'!A121),0,'December 2014'!A121)) | B78: =IF(ISBLANK('December 2014'!F121),"",IF(ISTEXT('December 2014'!F121),0,'December 2014'!F121))
A79: =IF(ISBLANK('December 2014'!A122),"",IF(ISTEXT('December 2014'!A122),0,'December 2014'!A122)) | B79: =IF(ISBLANK('December 2014'!F122),"",IF(ISTEXT('December 2014'!F122),0,'December 2014'!F122))
A80: =IF(ISBLANK('December 2014'!A123),"",IF(ISTEXT('December 2014'!A123),0,'December 2014'!A123)) | B80: =IF(ISBLANK('December 2014'!F123),"",IF(ISTEXT('December 2014'!F123),0,'December 2014'!F123))
A81: =IF(ISBLANK('December 2014'!A124),"",IF(ISTEXT('December 2014'!A124),0,'December 2014'!A124)) | B81: =IF(ISBLANK('December 2014'!F124),"",IF(ISTEXT('December 2014'!F124),0,'December 2014'!F124))
A82: =IF(ISBLANK('December 2014'!A125),"",IF(ISTEXT('December 2014'!A125),0,'December 2014'!A125)) | B82: =IF(ISBLANK('December 2014'!F125),"",IF(ISTEXT('December 2014'!F125),0,'December 2014'!F125)) -> 2984.69
A83: =IF(ISBLANK('December 2014'!A126),"",IF(ISTEXT('December 2014'!A126),0,'December 2014'!A126)) | B83: =IF(ISBLANK('December 2014'!F126),"",IF(ISTEXT('December 2014'!F126),0,'December 2014'!F126))
... A100: =IF(ISBLANK('December 2014'!A143),"",IF(ISTEXT('December 2014'!A143),0,'December 2014'!A143)) | B100: =IF(ISBLANK('December 2014'!F143),"",IF(ISTEXT('December 2014'!F143),0,'December 2014'!F143))
A101: =IF(ISBLANK('December 2014'!A147),"",IF(ISTEXT('December 2014'!A147),0,'December 2014'!A147)) -> 410971 | B101: =IF(ISBLANK('December 2014'!F147),"",IF(ISTEXT('December 2014'!F147),0,'December 2014'!F147)) -> 1
A102: =IF(ISBLANK('December 2014'!A148),"",IF(ISTEXT('December 2014'!A148),0,'December 2014'!A148)) -> 411897 | B102: =IF(ISBLANK('December 2014'!F148),"",IF(ISTEXT('December 2014'!F148),0,'December 2014'!F148)) -> 2
A103: =IF(ISBLANK('December 2014'!A152),"",IF(ISTEXT('December 2014'!A152),0,'December 2014'!A152)) -> 411898 | B103: =IF(ISBLANK('December 2014'!F152),"",IF(ISTEXT('December 2014'!F152),0,'December 2014'!F152)) -> 1027.76
A104: =IF(ISBLANK('December 2014'!A153),"",IF(ISTEXT('December 2014'!A153),0,'December 2014'!A153)) | B104: =IF(ISBLANK('December 2014'!F153),"",IF(ISTEXT('December 2014'!F153),0,'December 2014'!F153))
A105: =IF(ISBLANK('December 2014'!A154),"",IF(ISTEXT('December 2014'!A154),0,'December 2014'!A154)) | B105: =IF(ISBLANK('December 2014'!F154),"",IF(ISTEXT('December 2014'!F154),0,'December 2014'!F154)) -> 2616.76
A106: =IF(ISBLANK('December 2014'!A155),"",IF(ISTEXT('December 2014'!A155),0,'December 2014'!A155)) | B106: =IF(ISBLANK('December 2014'!F155),"",IF(ISTEXT('December 2014'!F155),0,'December 2014'!F155)) -> -404.81
A107: =IF(ISBLANK('December 2014'!A159),"",IF(ISTEXT('December 2014'!A159),0,'December 2014'!A159)) -> 411518 | B107: =IF(ISBLANK('December 2014'!F159),"",IF(ISTEXT('December 2014'!F159),0,'December 2014'!F159)) -> 603.01
A108: =IF(ISBLANK('December 2014'!A163),"",IF(ISTEXT('December 2014'!A163),0,'December 2014'!A163)) -> 410796 | B108: =IF(ISBLANK('December 2014'!F163),"",IF(ISTEXT('December 2014'!F163),0,'December 2014'!F163)) -> 419.88
A109: =IF(ISBLANK('December 2014'!A167),"",IF(ISTEXT('December 2014'!A167),0,'December 2014'!A167)) -> 410797 | B109: =IF(ISBLANK('December 2014'!F167),"",IF(ISTEXT('December 2014'!F167),0,'December 2014'!F167)) -> 142
A110: =IF(ISBLANK('December 2014'!A168),"",IF(ISTEXT('December 2014'!A168),0,'December 2014'!A168)) | B110: =IF(ISBLANK('December 2014'!F168),"",IF(ISTEXT('December 2014'!F168),0,'December 2014'!F168))
A111: =IF(ISBLANK('December 2014'!A169),"",IF(ISTEXT('December 2014'!A169),0,'December 2014'!A169)) -> 410972 | B111: =IF(ISBLANK('December 2014'!F169),"",IF(ISTEXT('December 2014'!F169),0,'December 2014'!F169)) -> 27.34
A112: =IF(ISBLANK('December 2014'!A170),"",IF(ISTEXT('December 2014'!A170),0,'December 2014'!A170)) -> 411519 | B112: =IF(ISBLANK('December 2014'!F170),"",IF(ISTEXT('December 2014'!F170),0,'December 2014'!F170)) -> 71
A113: =IF(ISBLANK('December 2014'!A174),"",IF(ISTEXT('December 2014'!A174),0,'December 2014'!A174)) -> 410949 | B113: =IF(ISBLANK('December 2014'!F174),"",IF(ISTEXT('December 2014'!F174),0,'December 2014'!F174)) -> 905
A114: =IF(ISBLANK('December 2014'!A175),"",IF(ISTEXT('December 2014'!A175),0,'December 2014'!A175)) | B114: =IF(ISBLANK('December 2014'!F175),"",IF(ISTEXT('December 2014'!F175),0,'December 2014'!F175))
A115: =IF(ISBLANK('December 2014'!A176),"",IF(ISTEXT('December 2014'!A176),0,'December 2014'!A176)) -> 410950 | B115: =IF(ISBLANK('December 2014'!F176),"",IF(ISTEXT('December 2014'!F176),0,'December 2014'!F176)) -> 1240
A116: =IF(ISBLANK('December 2014'!A177),"",IF(ISTEXT('December 2014'!A177),0,'December 2014'!A177)) -> 410951 | B116: =IF(ISBLANK('December 2014'!F177),"",IF(ISTEXT('December 2014'!F177),0,'December 2014'!F177)) -> 220
A117: =IF(ISBLANK('December 2014'!A178),"",IF(ISTEXT('December 2014'!A178),0,'December 2014'!A178)) -> 410952 | B117: =IF(ISBLANK('December 2014'!F178),"",IF(ISTEXT('December 2014'!F178),0,'December 2014'!F178)) -> 220
A118: =IF(ISBLANK('December 2014'!A179),"",IF(ISTEXT('December 2014'!A179),0,'December 2014'!A179)) -> 411875 | B118: =IF(ISBLANK('December 2014'!F179),"",IF(ISTEXT('December 2014'!F179),0,'December 2014'!F179)) -> 10000
A119: =IF(ISBLANK('December 2014'!A183),"",IF(ISTEXT('December 2014'!A183),0,'December 2014'!A183)) -> 410973 | B119: =IF(ISBLANK('December 2014'!F183),"",IF(ISTEXT('December 2014'!F183),0,'December 2014'!F183)) -> 425
A120: =IF(ISBLANK('December 2014'!A187),"",IF(ISTEXT('December 2014'!A187),0,'December 2014'!A187)) -> 411899 | B120: =IF(ISBLANK('December 2014'!F187),"",IF(ISTEXT('December 2014'!F187),0,'December 2014'!F187)) -> 150
A121: =IF(ISBLANK('December 2014'!A191),"",IF(ISTEXT('December 2014'!A191),0,'December 2014'!A191)) -> 410798 | B121: =IF(ISBLANK('December 2014'!F191),"",IF(ISTEXT('December 2014'!F191),0,'December 2014'!F191)) -> 201.37
A122: =IF(ISBLANK('December 2014'!A192),"",IF(ISTEXT('December 2014'!A192),0,'December 2014'!A192)) -> 410974 | B122: =IF(ISBLANK('December 2014'!F192),"",IF(ISTEXT('December 2014'!F192),0,'December 2014'!F192)) -> 71.72
A123: =IF(ISBLANK('December 2014'!A193),"",IF(ISTEXT('December 2014'!A193),0,'December 2014'!A193)) -> 411900 | B123: =IF(ISBLANK('December 2014'!F193),"",IF(ISTEXT('December 2014'!F193),0,'December 2014'!F193)) -> 124.4
A124: =IF(ISBLANK('December 2014'!A194),"",IF(ISTEXT('December 2014'!A194),0,'December 2014'!A194)) | B124: =IF(ISBLANK('December 2014'!F194),"",IF(ISTEXT('December 2014'!F194),0,'December 2014'!F194)) -> 122.6
A125: =IF(ISBLANK('December 2014'!A195),"",IF(ISTEXT('December 2014'!A195),0,'December 2014'!A195)) | B125: =IF(ISBLANK('December 2014'!F195),"",IF(ISTEXT('December 2014'!F195),0,'December 2014'!F195))
A126: =IF(ISBLANK('December 2014'!A199),"",IF(ISTEXT('December 2014'!A199),0,'December 2014'!A199)) -> 411901 | B126: =IF(ISBLANK('December 2014'!F199),"",IF(ISTEXT('December 2014'!F199),0,'December 2014'!F199)) -> 2565
A127: =IF(ISBLANK('December 2014'!A200),"",IF(ISTEXT('December 2014'!A200),0,'December 2014'!A200)) | B127: =IF(ISBLANK('December 2014'!F200),"",IF(ISTEXT('December 2014'!F200),0,'December 2014'!F200))
A128: =IF(ISBLANK('December 2014'!A204),"",IF(ISTEXT('December 2014'!A204),0,'December 2014'!A204)) -> 410799 | B128: =IF(ISBLANK('December 2014'!F204),"",IF(ISTEXT('December 2014'!F204),0,'December 2014'!F204)) -> 657.08
A129: =IF(ISBLANK('December 2014'!A208),"",IF(ISTEXT('December 2014'!A208),0,'December 2014'!A208)) -> 410981 | B129: =IF(ISBLANK('December 2014'!F208),"",IF(ISTEXT('December 2014'!F208),0,'December 2014'!F208)) -> 7710.02
...
